 Dungeon Sprint DCSS version 0.19-a0-1682-g5114f93 (webtiles) character file.

5161 Saways the Shatterer (level 10, -7/118 HPs)
             Began as an Ogre Gladiator on Sept 24, 2016.
             Was a High Priest of Okawaru.
             Killed from afar by a lindwurm (38 damage)
             ... with a blast of flame
             ... in the Dungeon (Sprint IX: "|||||||||||||||||||||||||||||").
             The game lasted 00:01:45 (1319 turns).

Saways the Shatterer (Ogre Gladiator)               Turns: 1319, Time: 00:01:45

Health: -7/118     AC: 11    Str: 22    XL:     10   Next: 59%
Magic:  16/17      EV: 22    Int:  7    God:    Okawaru [*****.]
Gold:   0          SH:  0    Dex: 16    Spells: 0 memorised, 9 levels left

rFire  . . .     SeeInvis .     o - +2 dire flail (protect)
rCold  . . .     Gourm    .     b - +0 robe
rNeg   . . .     Faith    .     (shield currently unavailable)
rPois  .         Spirit   .     c - +0 hat
rElec  .         Dismiss  .     (no cloak)
rCorr  .         Reflect  .     (gloves unavailable)
MR     +....     Harm     .     (boots unavailable)
Stlth  ++........ NoTele   +    (no amulet)
                                p - +3 ring of dexterity
                                q - +2 ring of evasion

@: heroism, protection aura
A: unfitting armour, tough skin 1
a: Heroism, Finesse, Renounce Religion


You were in the Dungeon.
You worshipped Okawaru.
Okawaru was extremely pleased with you.
You were not hungry.

You visited 1 branch

Inventory:

Hand Weapons
 a - a +0 flail
 o - a +2 dire flail of protection (weapon)
Missiles
 d - 3 throwing nets (quivered)
Armour
 b - a +0 robe (worn)
 c - a +0 hat (worn)
Jewellery
 p - a +3 ring of dexterity (right hand)
 q - a +2 ring of evasion (left hand)
Wands
 n - a wand of iceblast (7/15)
Scrolls
 k - 2 scrolls of blinking
 l - 3 scrolls of remove curse
 m - 2 scrolls of amnesia
 s - a scroll of immolation
 u - a scroll of fog
 v - 4 scrolls of enchant weapon
 w - a scroll of identify
 x - 2 scrolls of enchant armour
Potions
 e - 6 potions of curing
 g - 7 potions of heal wounds
 h - a potion of cure mutation
 i - 4 potions of magic
Comestibles
 f - a bread ration


   Skills:
 + Level 12.9(17.9) Fighting
 * Level 21.5(26.5) Maces & Flails
 - Level 2.0(7.0) Throwing
 + Level 10.0(15.0) Dodging
 * Level 9.6 Invocations


You had 9 spell levels left.
You didn't know any spells.

Dungeon Overview and Level Annotations

Branches:
Dungeon (1/1)

Altars:
Cheibriados
Dithmenos
Elyvilon
Fedhas
Gozag
Hepliaklqana
Kikubaaqudgha
Makhleb
Nemelex Xobeh
Okawaru
Qazlal
Ru
Sif Muna
Trog
Uskayaw
Vehumet
Xom
Yredelemnul
Zin
The Shining One
Beogh
Jiyva
Lugonu


Innate Abilities, Weirdness & Mutations

You are too large for most types of armour.
You have tough skin. (AC +1)


Message History

You kill the worm!
Okawaru accepts your kill.
Found a beef jerky.
You hit the worm.
The worm is moderately wounded.
You sock the worm!
The worm is severely wounded.
The worm completely misses you.
You puncture the worm!
You kill the worm!
Okawaru accepts your kill. The worm misses you.
Found a potion of degeneration.
You see here a worm corpse.
You impale the worm!!
You kill the worm!
Okawaru accepts your kill. The lindwurm breathes flames at you.
The blast of flame hits you!
You die...

▓▓▓▓▓▓▓▓▓▓▓▓▓▓▓▓▓▓▓▓▓▓▓▓
)!%!..k@†.††'....÷.÷.÷'.
▓▓▓▓▓▓▓▓▓▓▓▓▓▓▓▓▓▓▓▓▓▓▓▓▓▓▓▓▓▓▓▓▓
.................................
▓▓▓▓▓▓▓▓▓▓▓▓▓▓▓▓▓▓▓▓▓▓▓▓▓▓▓▓▓▓▓▓▓
...†'..))(.'..(([)|..'.__________
▓▓▓▓▓▓▓▓▓▓▓▓▓▓▓▓▓▓▓▓▓▓▓▓▓▓▓▓▓▓▓▓▓


You could see a lindwurm.

Vanquished Creatures
  A hydra (D)
  An unseen horror (D)
  A lindwurm (D)
  A salamander (shapeshifter) (D)
  3 spiny frogs (D)
  A hippogriff (D)
  2 tyrant leeches (D)
  A yak (D)
  2 basilisks (D)
  A water moccasin (D)
  2 porcupines (D)
  An orc warrior (D)
  A centaur (D)
  3 crocodiles (D)
  4 bullfrogs (D)
  A big kobold (D)
  A scorpion (D)
  A howler monkey (D)
  A hound (D)
  An adder (D)
  3 river rats (D)
  A shadow imp (D)
  4 worms (D)
  An adder skeleton (D)
  A dart slug (D)
  2 leopard geckos (D)
  An orc (D)
  A bat (D)
  A kobold (D)
  A leopard gecko zombie (D)
  A rat (D)
47 creatures vanquished.

Notes
Turn   | Place    | Note
-------+----------+-------------------------------------------
     0 | D        | Saways the Ogre Gladiator began the quest for the Orb.
     0 | D        | Reached XP level 1. HP: 22/22 MP: 1/1
    11 | D        | Reached skill level 5 in Maces & Flails
    13 | D        | Reached XP level 2. HP: 31/31 MP: 2/2
    23 | D        | Noticed a centaur
    23 | D        | Noticed a scorpion
    30 | D        | Reached skill level 6 in Maces & Flails
    32 | D        | Killed a scorpion
    32 | D        | Reached skill level 9 in Maces & Flails
    32 | D        | Reached XP level 3. HP: 39/39 MP: 3/3
    32 | D        | Reached XP level 4. HP: 48/48 MP: 4/4
    38 | D        | Reached skill level 5 in Dodging
    51 | D        | Killed a centaur
    51 | D        | Reached skill level 5 in Fighting
    51 | D        | Reached skill level 11 in Maces & Flails
    51 | D        | Reached XP level 5. HP: 23/57 MP: 5/5
   175 | D        | Found a roughly hewn altar of Beogh.
   175 | D        | Found a snail-covered altar of Cheibriados.
   175 | D        | Found a shadowy altar of Dithmenos.
   175 | D        | Found a white marble altar of Elyvilon.
   175 | D        | Found a blossoming altar of Fedhas.
   175 | D        | Found an opulent altar of Gozag.
   176 | D        | Found a hazy altar of Hepliaklqana.
   177 | D        | Found a viscous altar of Jiyva.
   178 | D        | Found an ancient bone altar of Kikubaaqudgha.
   179 | D        | Found a corrupted altar of Lugonu.
   180 | D        | Found a burning altar of Makhleb.
   181 | D        | Found a sparkling altar of Nemelex Xobeh.
   182 | D        | Found an iron altar of Okawaru.
   183 | D        | Found a stormy altar of Qazlal.
   184 | D        | Found a sacrificial altar of Ru.
   185 | D        | Found a deep blue altar of Sif Muna.
   186 | D        | Found a bloodstained altar of Trog.
   187 | D        | Found a hide-covered altar of Uskayaw.
   188 | D        | Found a radiant altar of Vehumet.
   189 | D        | Found a shimmering altar of Xom.
   190 | D        | Became a worshipper of Warmaster Okawaru
   191 | D        | Found a basalt altar of Yredelemnul.
   192 | D        | Found a glowing silver altar of Zin.
   193 | D        | Found a glowing golden altar of the Shining One.
   248 | D        | Noticed an orc warrior
   248 | D        | Noticed a big kobold
   249 | D        | Reached skill level 12 in Maces & Flails
   249 | D        | Reached skill level 1 in Invocations
   257 | D        | Killed a big kobold
   257 | D        | Reached skill level 13 in Maces & Flails
   257 | D        | Reached XP level 6. HP: 65/67 MP: 5/7
   265 | D        | Killed an orc warrior
   265 | D        | Reached * piety under Okawaru
   533 | D        | Noticed a salamander
   546 | D        | Killed an unseen horror
   546 | D        | Reached skill level 16 in Maces & Flails
   546 | D        | Reached skill level 5 in Invocations
   546 | D        | Reached XP level 7. HP: 27/80 MP: 6/11
   546 | D        | Reached XP level 8. HP: 29/88 MP: 6/12
   547 | D        | Reached ** piety under Okawaru
   556 | D        | Killed a salamander
   556 | D        | Reached skill level 17 in Maces & Flails
   887 | D        | Noticed a yak
   887 | D        | Noticed a five-headed hydra
   896 | D        | Killed a five-headed hydra
   896 | D        | Reached *** piety under Okawaru
   896 | D        | Reached skill level 10 in Fighting
   896 | D        | Reached skill level 18 in Maces & Flails
   896 | D        | Reached XP level 9. HP: 61/101 MP: 10/14
   899 | D        | Noticed a spiny frog
   901 | D        | Reached skill level 19 in Maces & Flails
   920 | D        | Reached **** piety under Okawaru
   931 | D        | Killed a spiny frog
   937 | D        | Noticed a spiny frog
   937 | D        | Noticed a spiny frog
   942 | D        | Killed a spiny frog
   942 | D        | Reached skill level 20 in Maces & Flails
   942 | D        | Reached XP level 10. HP: 74/114 MP: 13/16
   947 | D        | Killed a spiny frog
  1291 | D        | Noticed a lindwurm
  1297 | D        | Killed a lindwurm
  1297 | D        | Reached ***** piety under Okawaru
  1297 | D        | Reached skill level 21 in Maces & Flails
  1303 | D        | Noticed a lindwurm
  1309 | D        | Reached skill level 10 in Dodging
  1319 | D        | Killed from afar by a lindwurm

Vault maps used:
D:        linesprint

Skill      XL: |  1  2  3  4  5  6  7  8  9 10 |
---------------+-------------------------------+-----
Fighting       | 3 4 5 8 10 11 12 | 12.9
Dodging        | 3 4 5 6 7 9 10 | 10.0
Maces & Flails | 5 9 11 13 16 18 20 21 | 21.5
Invocations    | 2 5 7 8 9 |  9.6
Throwing       | |  2.0

Action                   |  1- 3 |  4- 6 |  7- 9 | 10-12 || total
-------------------------+-------+-------+-------+-------++-------
Melee: Flail             |    20 |    16 |       |       ||    36
       Dire flail        |       |    34 |    53 |    48 ||   135
Invok: Heroism           |       |     1 |     1 |     1 ||     3
  Use: Potion            |     1 |     1 |     2 |       ||     4
 Stab: Invisible         |       |       |     8 |     2 ||    10
       Petrifying        |       |       |     2 |       ||     2
       Sleeping          |       |       |     1 |       ||     1
  Eat: Meat ration       |       |       |     1 |       ||     1
Armor: Robe              |     9 |     7 |     2 |     5 ||    23
Dodge: Dodged            |    11 |    26 |    22 |    17 ||    76
